AoeStats
← TreeFugger69

Arena

508724265Analyzed
3v3 RM · 10d ago on Sep 23, 2026· 47m 2s· 6 players
Game mode
Random Map
Map size
Normal (6 player)
Population
200
Speed
Normal
Resources
Standard
Victory
Conquest
Starting age
Dark Age
Ending age
Imperial Age
RankedLock teamsTeams togetherTeam positionsShared explorationLock speedFull tech treeHidden civsTurbo modeCheats
Victory
Defeat
🇫🇷 Britons · France
929
+12
🇺🇸 Poles · United States
904
+13
🇬🇧 Persians · United Kingdom
870
+14
🇩🇪 Franks · Germany
865
-14
🇩🇪 Mongols · Germany
835
-13
🇩🇪 Britons · Germany
820
-12
TreeFugger69
6:28 Loom
11:19 Feudal Age
12:17 Double-Bit Axe
12:14 Horse Collar
14:48 Wheelbarrow
17:41 Castle Age
18:48 Light Cavalry
22:06 Heavy Plow
22:28 Bow Saw
24:04 Town Watch
25:04 Bloodlines
27:22 Scale Barding Armor
29:03 Chain Barding Armor
30:23 Treadmill Crane
31:04 Ballistics
31:05 Fortified Wall
31:09 Fletching
31:51 Hand Cart
32:26 Gold Mining
32:26 Stone Mining
32:07 Pikeman
33:08 Squires
33:55 Forging
33:41 Bodkin Arrow
33:47 Scale Mail Armor
34:47 Man-at-Arms
39:36 Imperial Age
37:19 Husbandry
39:42 Capped Ram
40:03 Winged Hussar
41:35 Conscription
44:04 Lechitic Legacy
Budhampton
1:06 Loom
11:34 Feudal Age
12:08 Double-Bit Axe
12:21 Stone Mining
12:57 Horse Collar
19:59 Castle Age
22:41 Wheelbarrow
21:56 Pikeman
25:29 Hand Cart
30:35 Imperial Age
28:33 Bow Saw
28:37 Heavy Plow
30:30 Squires
31:57 Conscription
31:44 Kamandaran
32:54 Murder Holes
34:01 Fletching
34:13 Scale Mail Armor
34:23 Forging
34:14 Padded Archer Armor
34:51 Bodkin Arrow
34:22 Crossbowman
34:47 Halberdier
36:01 Ballistics
37:43 Two-Man Saw
37:21 Thumb Ring
39:06 Chemistry
38:12 Arson
42:24 Caravan
42:57 Elite War Elephant
Goup
11:17 Feudal Age
16:04 Castle Age
26:20 Imperial Age
24:25 Double-Bit Axe
25:36 Murder Holes
27:24 Conscription
27:38 Bow Saw
27:25 Fletching
30:53 Wheelbarrow
30:18 Bodkin Arrow
30:24 Padded Archer Armor
31:27 Chemistry
30:47 Ballistics
32:22 Hand Cart
31:57 Town Watch
32:15 Elite Longbowman
34:35 Yeomen
35:30 Caravan
35:38 Gold Mining
41:01 Two-Man Saw
40:40 Gold Shaft Mining
43:43 Town Patrol
43:30 Loom
43:57 Masonry
43:53 Siege Engineers
43:51 Bracer
44:07 Leather Archer Armor
43:59 Horse Collar
44:13 Stone Mining
WildesPony
12:34 Feudal Age
17:52 Castle Age
15:50 Gold Mining
15:49 Double-Bit Axe
16:04 Horse Collar
16:44 Stone Mining
19:29 Wheelbarrow
18:25 Crossbowman
23:20 Bow Saw
23:19 Heavy Plow
25:08 Hand Cart
25:00 Pikeman
28:41 Elite Skirmisher
30:00 Ballistics
29:46 Padded Archer Armor
29:40 Fletching
32:00 Squires
35:23 Imperial Age
33:07 Caravan
33:56 Fortified Wall
37:23 Gold Shaft Mining
37:58 Chemistry
37:29 Conscription
37:37 Onager
39:24 Leather Archer Armor
39:06 Bodkin Arrow
41:59 Conscription
43:59 Hoardings
45:45 Ring Archer Armor
Graf von Schmusestadt
13:05 Feudal Age
14:48 Wheelbarrow
14:29 Double-Bit Axe
18:32 Castle Age
16:27 Gold Mining
16:35 Stone Mining
19:34 Hand Cart
19:43 Bow Saw
25:17 Stone Shaft Mining
27:22 Fortified Wall
29:02 Gold Shaft Mining
32:06 Elite Skirmisher
34:50 Fletching
35:06 Padded Archer Armor
34:56 Fletching
39:28 Loom
39:33 Town Watch
FlashBen
13:18 Feudal Age
18:20 Castle Age
16:16 Double-Bit Axe
17:48 Gold Mining
17:50 Stone Mining
18:49 Forging
20:36 Bow Saw
23:30 Wheelbarrow
22:45 Town Watch
26:29 Caravan
33:04 Imperial Age
31:45 Hand Cart
31:33 Ordonnance Companies
33:42 Iron Casting
33:13 Scale Barding Armor
33:16 Husbandry
34:30 Gold Shaft Mining
34:33 Conscription
33:55 Cavalier
35:13 Chivalry
37:04 Town Patrol
38:08 Blast Furnace
38:40 Paladin
40:07 Elite Throwing Axeman
40:27 Onager
41:21 Paladin
Connection lost

Rejoining the realm…

Still unreachable

The connection could not be restored.

Session expired

The server has moved on; the page needs a fresh start.